 Dungeon Crawl Stone Soup version 0.22-a0-448-ge60e91d (webtiles) character file.

10499 Platinus the Ogre Mage (level 11, -24/100 HPs)
             Began as an Ogre Transmuter on June 3, 2018.
             Was a Believer of Vehumet.
             Hit by a javelin of returning thrown by a minotaur (35 damage)
             ... in a labyrinth on June 4, 2018.
             The game lasted 00:51:57 (13606 turns).

Platinus the Ogre Mage (Ogre Transmuter)           Turns: 13606, Time: 00:51:57

Health: -24/100    AC:  5    Str: 16    XL:     11   Next: 63%
Magic:  43/43      EV: 10    Int: 16    God:    Vehumet [**....]
Gold:   605        SH:  3    Dex: 10    Spells: 23/36 levels left

rFire    . . .     SeeInvis .   o - staff of power {MP+17, !a}
rCold    . . .     Gourm    .   (no shield)
rNeg     + . .     Faith    .   v - +1 robe {rN+}
rPois    +         Spirit   .   (helmet restricted)
rElec    .         Reflect  +   j - +0 cloak
rCorr    .         Harm     .   (gloves unavailable)
MR       +....                  (boots unavailable)
Stlth    +.........             c - +3 amulet of reflection
HPRegen  0.26/turn              s - ring of wizardry {Wiz+, !d}
MPRegen  0.28/turn              f - ring of poison resistance {rPois, !d}

@: no status effects
A: large, shaman, unfitting armour, tough skin 1
a: Renounce Religion


You were in a labyrinth.
You worshipped Vehumet.
Vehumet was pleased with you.
You were not hungry.

You visited 3 branches of the dungeon, and saw 12 of its levels.
You also visited: Labyrinth.

You collected 605 gold pieces.

Inventory:

Hand Weapons
 g - a +1 spear of venom
   (You took it off a gnoll on level 3 of the Dungeon)
 l - a +0 dagger of venom
   (You took it off an orc wizard on level 6 of the Dungeon)
 m - a +0 morningstar
   (You found it on level 4 of the Dungeon)
 q - a +1 whip of venom
   (You took it off a gnoll on level 7 of the Dungeon)
 D - the +5 spear of a Billion Gods {venom, MR+}
   (You took it off a crimson imp on level 8 of the Dungeon)

   It poisons the flesh of those it strikes.
   It affects your resistance to hostile enchantments.
Missiles
 a - 199 arrows
 h - 119 stones (quivered)
 i - a throwing net {=f, !d}
Armour
 j - a +0 cloak (worn)
   (You found it on level 4 of the Dungeon)
 v - a +1 robe of positive energy (worn)
   (You took it off Pikel on level 7 of the Dungeon)
Magical Staves
 o - an uncursed staff of power (weapon) {MP+17, !a}
   (You found it on level 6 of the Dungeon)
Jewellery
 b - an uncursed amulet of faith {Faith, !P}
   (You found it on level 1 of the Lair of Beasts)
 c - a +3 amulet of reflection (around neck)
   (You found it on level 5 of the Dungeon)
 f - a ring of poison resistance (right hand) {rPois, !d}
   (You found it on level 7 of the Dungeon)
 s - a ring of wizardry (left hand) {Wiz+, !d}
   (You found it on level 6 of the Dungeon)
 t - an uncursed ring of wizardry {Wiz+, !d}
   (You found it on level 7 of the Dungeon)
Wands
 n - a wand of flame (11)
   (You found it on level 9 of the Dungeon)
 z - a wand of scattershot (3)
   (You found it on level 9 of the Dungeon)
Scrolls
 e - 6 scrolls of identify
 p - 4 scrolls of teleportation
 u - a scroll of blinking {!r}
 w - 2 scrolls of fog
 x - a scroll of noise {unknown}
 y - a scroll of amnesia {unknown}
 B - a scroll of immolation {unknown}
 E - a scroll of enchant weapon {unknown}
Potions
 r - a potion of curing {unknown}
 A - a potion of might
 H - a potion of lignification {!q}
Comestibles
 d - 14 rations


   Skills:
 + Level 4.3 Fighting
 + Level 3.3 Dodging
 + Level 11.4 Unarmed Combat
 + Level 13.2 Spellcasting


You had 23 spell levels left.
You knew the following spells:

 Your Spells              Type           Power        Failure   Level  Hunger
a - Sandblast             Erth           #####.       1%          1    None
A - Beastly Appendage     Tmut           #####.       1%          1    None
F - Summon Forest         Summ/Tloc      #####.....   2%          5    ####...
I - Ice Form              Ice/Tmut       #####...     1%          4    ##.....
S - Sticks to Snakes      Tmut           #####...     1%          2    None

Your spell library contained the following spells:

 Spells                   Type           Power        Failure   Level  Hunger
 Sting                    Conj/Pois      ####         1%          1    None
 Spider Form              Tmut/Pois      #####.....   1%          3    None
 Blade Hands              Tmut           #####.....   1%          5    ####...
 Corona                   Hex            #####..      1%          1    None
 Inner Flame              Hex/Fire       #####...     1%          3    None
 Poisonous Vapours        Pois/Air       #####.       1%          2    None


Dungeon Overview and Level Annotations

Branches:
Dungeon (9/15)             Temple (1/1) D:5            Lair (2/6) D:8
  Swamp: Lair:2-4    Shoals: Lair:2-4     Snake: Lair:2-4    Spider: Lair:2-4
    Orc: D:9-12

Altars:
Ashenzari
Cheibriados
Dithmenos
Elyvilon
Fedhas
Gozag
Hepliaklqana
Kikubaaqudgha
Makhleb
Nemelex Xobeh
Okawaru
Qazlal
Ru
Sif Muna
Trog
Uskayaw
Vehumet
Wu Jian
Xom
Yredelemnul
Zin
The Shining One

Shops:
D:4 %


Innate Abilities, Weirdness & Mutations

You learn magic by experience, not books, and ignore schools of magic.
You are too large for most types of armour.
You have tough skin. (AC +1)


Message History

Your ball python bites the minotaur but does no damage.
Your ball python constricts the minotaur.
You now have 1/28 mp.
Casting: Sticks to Snakes (safe; 1% risk of failure)
You don't have enough magic to cast that spell.
You feel much better.
The minotaur throws a javelin of returning.
The javelin of returning hits your adder!!
Your adder dies!
The weapon returns to the minotaur!
Your ball python bites the minotaur but does no damage.
Your ball python constricts the minotaur.
You regained 19 hp, and now have 51/120 hp.
You swap places.
The minotaur throws a javelin of returning.
The javelin of returning misses your adder.
The javelin of returning hits you!
The weapon returns to the minotaur!
Your ball python bites the minotaur but does no damage.
Your ball python constricts the minotaur.
You take 9 damage, and have 42/120 hp.
Your ball python barely misses the minotaur.
Your ball python grabs the minotaur.
Your ball python constricts the minotaur.
The minotaur hits your ball python.
Your ball python dies!
Casting: Sticks to Snakes (safe; 1% risk of failure)
You create a snake!
You now have 199 arrows.
Your transformation is almost over.
The minotaur throws a javelin of returning.
The javelin of returning hits your ball python!
Your ball python dies!
The weapon returns to the minotaur!
You now have 0/28 mp.
What are your orders? t - Shout!
Orders for allies: a - Attack new target. p - Attack previous target. r - Retreat! s - Stop attacking. g - Guard the area. f - Follow me.
Anything else - Cancel.
Gang up on whom?
Aim: a minotaur, wearing a plate armour (heavily wounded, poisoned) Attack!
The minotaur throws a javelin of returning.
The javelin of returning hits your adder!
Your adder dies!
The weapon returns to the minotaur!
The minotaur throws a javelin of returning.
The javelin of returning hits your adder!
Your adder dies!
The weapon returns to the minotaur!
You warm up again.
Your uncursed staff of power {MP+17, !a} unmelds from your body.
Your +0 cloak unmelds from your body.
Your +1 robe of positive energy unmelds from your body.
You feel your magic capacity increase.
You feel more protected from negative energy.
You now have 38/100 hp.
Okay, then.
Okay, then.
You are confused.
You feel invigorated.
You regained 6 hp, and now have 48/100 hp.
You regained 3 mp, and now have 10/43 mp.
You regained 4 hp, and now have 52/100 hp.
You regained 5 mp, and now have 15/43 mp.
You bump into the stone wall.
You regained 4 hp, and now have 56/100 hp.
You regained 6 mp, and now have 21/43 mp.
You regained 4 hp, and now have 60/100 hp.
You regained 3 mp, and now have 24/43 mp.
You regained 3 hp, and now have 63/100 hp.
You regained 3 mp, and now have 27/43 mp.
You're too confused to move!
The minotaur hits you! The minotaur gores you!
You take 16 damage, and have 47/100 hp.
You regained 4 mp, and now have 31/43 mp.
You bump into the stone wall.
The minotaur hits you!!
* * * LOW HITPOINT WARNING * * *
The minotaur barely misses you.
You take 29 damage, and have 18/100 hp.
MASSIVE DAMAGE!!
You regained 3 mp, and now have 34/43 mp.
You bump into the stone wall.
The minotaur hits you.
* * * LOW HITPOINT WARNING * * *
The minotaur gores you.
* * * LOW HITPOINT WARNING * * *
You take 2 damage, and have 16/100 hp.
You regained 5 mp, and now have 39/43 mp.
Unknown command.
You bump into the stone wall.
You feel less invigorated.
You feel less confused.
The minotaur hits you but does no damage.
The minotaur gores you!
* * * LOW HITPOINT WARNING * * *
You take 5 damage, and have 11/100 hp.
MP restored: 43 Unknown command.
The minotaur throws a javelin of returning.
The javelin of returning hits you!!
You die...

#### #. .#
###### ##.#
###### #......
#.#.. .S .
#H###.###.####
#. #...#.#
....# #.
#@###.# #.###.
# ........#.
..... .. ..
▓▓▓▓▓▓▓▓▓▓
▓▓▓▓▓▓▓ ▓▓▓▓


You could see a minotaur.

Vanquished Creatures
  A hydra (Lair:1)
  An ogre mage (D:9)
  A centaur warrior (D:9)
  Pikel (D:7)
  Joseph (D:7)
  2 spiny frogs (Lair:1)
  A troll (D:9)
  A spriggan (D:8)
  A wyvern (D:9)
  4 yaks (Lair:1)
  A basilisk (Lair:1)
  2 wargs (D:8)
  A water moccasin (Lair:1)
  4 porcupines
  2 ice beasts
  2 phantoms
  A black bear (D:7)
  4 sky beasts
  An eye of draining (D:8)
  3 ogres
  A wolf (Lair:1)
  4 centaurs
  3 crocodiles
  4 bullfrogs
  A big kobold (D:9)
  A gnoll sergeant (D:3)
  A water moccasin zombie (D:9)
  3 scorpions
  The ghost of chequers the Ruffian, a weakling OgTm of Okawaru (D:3)
  A wight (D:6)
  2 electric eels (Lair:1)
  6 crimson imps
  2 gnoll shamans (D:3)
  A bullfrog zombie (D:5)
  5 hounds
  3 jellies (D:6)
  2 bullfrog skeletons
  5 orc priests
  2 centaur skeletons
  Terence (D:2)
  2 iguanas
  4 worker ants
  6 orc wizards
  A hound zombie (D:8)
  7 adders
  52 gnolls
  A shadow imp (D:7)
  2 oozes
  2 adder skeletons
  5 worms
  A dart slug (D:2)
  4 leopard geckos
  19 orcs
  A ball python (D:4)
  8 bats
  4 giant cockroaches
  10 hobgoblins
  25 jackals
  2 quokkas
  5 frilled lizards
  12 goblins
  7 kobolds
  12 rats
276 creatures vanquished.

Vanquished Creatures (collateral kills)
  A two-headed ogre (D:8)
  Menkaure (D:7)
  2 water moccasins (Lair:1)
  An orc warrior (D:8)
  A centaur (D:8)
  3 wolves (Lair:1)
  A crocodile (Lair:1)
  An orc wizard (D:8)
  An iguana (D:8)
  An orc (D:8)
  2 giant cockroaches (D:8)
15 creatures vanquished.

Vanquished Creatures (others)
  A shadow imp (D:7)
  4 toadstools (D:1)
5 creatures vanquished.

Grand Total: 296 creatures vanquished

Notes
Turn   | Place    | Note
-------+----------+-------------------------------------------
     0 | D:1      | Platinus the Ogre Transmuter began the quest for the Orb.
     0 | D:1      | Reached XP level 1. HP: 19/19 MP: 3/3
    27 | D:1      | Reached XP level 2. HP: 20/27 MP: 2/5
    28 | D:1      | Reached skill level 3 in Spellcasting
   190 | D:1      | Learned a level 2 spell: Sticks to Snakes
   313 | D:1      | Reached XP level 3. HP: 30/33 MP: 6/8
   848 | D:2      | Reached skill level 4 in Spellcasting
  1143 | D:2      | Reached XP level 4. HP: 41/41 MP: 8/10
  1149 | D:2      | Learned a level 4 spell: Ice Form
  1514 | D:2      | Noticed Terence
  1523 | D:2      | Killed Terence
  1523 | D:2      | Reached skill level 5 in Spellcasting
  1892 | D:2      | Found a bloodstained altar of Trog.
  1913 | D:2      | Reached XP level 5. HP: 48/48 MP: 7/12
  2366 | D:3      | Noticed chequers's ghost (weakling OgTm)
  2664 | D:3      | Reached skill level 6 in Spellcasting
  2680 | D:3      | Reached XP level 6. HP: 55/55 MP: 12/15
  2743 | D:3      | Killed chequers's ghost
  2893 | D:3      | Reached skill level 7 in Spellcasting
  2906 | D:3      | HP: 5/66 [gnoll/halberd (12)]
  2912 | D:3      | HP: 4/66 [poisoned by a gnoll sergeant]
  2919 | D:3      | HP: 3/66 [poisoned by a gnoll sergeant]
  2927 | D:2      | HP: 3/98 [poisoned by a gnoll sergeant]
  3244 | D:3      | HP: 11/66 [gnoll/halberd (7)]
  3250 | D:3      | HP: 7/66 [gnoll/spear (6)]
  3539 | D:2      | HP: 11/66 [gnoll/spear (9)]
  3545 | D:2      | HP: 5/66 [gnoll/spear (2)]
  3588 | D:2      | HP: 2/55 [gnoll/spear (9)]
  4056 | D:3      | Reached XP level 7. HP: 62/62 MP: 13/17
  4206 | D:3      | Reached skill level 8 in Spellcasting
  4218 | D:3      | HP: 18/74 [gnoll/halberd (5)]
  4286 | D:3      | HP: 15/62 [gnoll/spear (8)]
  4291 | D:3      | HP: 13/62 [jackal (2)]
  4291 | D:3      | HP: 6/62 [gnoll/spear (7)]
  4626 | D:3      | HP: 18/74 [gnoll/club (3)]
  4626 | D:3      | HP: 4/74 [gnoll/club (9)]
  4659 | D:3      | HP: 7/74 [gnoll/club (5)]
  5484 | D:3      | Reached skill level 4 in Unarmed Combat
  5491 | D:3      | Reached XP level 8. HP: 53/70 MP: 15/20
  5914 | D:4      | Reached skill level 9 in Spellcasting
  5944 | D:4      | Reached skill level 5 in Unarmed Combat
  6142 | D:4      | Found Tioc's Food Shop.
  6515 | D:5      | Entered Level 5 of the Dungeon
  6530 | D:5      | Reached skill level 6 in Unarmed Combat
  6785 | D:5      | Found a staircase to the Ecumenical Temple.
  6802 | D:5      | Reached XP level 9. HP: 76/76 MP: 18/22
  6825 | Temple   | Entered the Ecumenical Temple
  6865 | Temple   | Became a worshipper of Vehumet
  6999 | D:5      | Reached skill level 10 in Spellcasting
  7359 | D:6      | Reached skill level 7 in Unarmed Combat
  7422 | D:6      | Reached * piety under Vehumet
  7422 | D:6      | Offered knowledge of Sandblast by Vehumet.
  7428 | D:6      | Learned a level 1 spell: Sandblast
  7665 | D:6      | beem: I am beem. For help, type: !beem
  8366 | D:7      | Reached skill level 8 in Unarmed Combat
  8399 | D:7      | Noticed Joseph
  8418 | D:7      | Killed Joseph
  8418 | D:7      | Reached skill level 11 in Spellcasting
  8791 | D:7      | Reached XP level 10. HP: 84/84 MP: 21/25
  8800 | D:7      | Learned a level 5 spell: Summon Forest
  8806 | D:7      | Noticed Pikel
  8813 | D:7      | Killed Pikel
  8813 | D:7      | Reached skill level 9 in Unarmed Combat
  8925 | D:7      | Noticed Menkaure
  8931 | D:7      | Killed Menkaure
  9503 | D:8      | Found a white marble altar of Elyvilon.
  9536 | D:8      | Found a staircase to the Lair.
  9541 | D:8      | Reached ** piety under Vehumet
  9553 | D:8      | Offered knowledge of Shock by Vehumet.
  9572 | D:8      | HP: 25/100 [warg (14)]
 10084 | D:8      | Noticed a two-headed ogre
 10093 | D:8      | HP: 9/100 [two-headed ogre/giant club (20)]
 10110 | D:8      | Killed a two-headed ogre
 10110 | D:8      | Reached skill level 12 in Spellcasting
 10521 | D:8      | Reached skill level 10 in Unarmed Combat
 10587 | D:8      | Got a warped spear {venom}
 10739 | D:9      | Identified the +5 spear of a Billion Gods {venom, MR+} (You took it off a crimson imp on level 8 of the Dungeon)
 11237 | D:9      | Found a large runed door.
 11241 | D:9      | Found a large runed door.
 11272 | D:9      | Noticed a centaur warrior
 11277 | D:9      | Killed a centaur warrior
 11277 | D:9      | Reached XP level 11. HP: 91/91 MP: 27/27
 11278 | D:9      | Noticed an ogre mage
 11282 | D:9      | Killed an ogre mage
 11282 | D:9      | Reached skill level 11 in Unarmed Combat
 11287 | D:9      | Found a shattered altar of Ashenzari.
 11292 | D:9      | Found a bloodstained altar of Trog.
 11541 | Lair:1   | Entered Level 1 of the Lair of Beasts
 11566 | Lair:1   | Reached skill level 2 in Dodging
 11569 | Lair:1   | Reached skill level 2 in Fighting
 11569 | Lair:1   | Reached skill level 13 in Spellcasting
 11867 | Lair:1   | Offered knowledge of Stone Arrow by Vehumet.
 12314 | Lair:1   | Reached skill level 3 in Fighting
 12316 | Lair:1   | Noticed an eight-headed hydra
 12320 | Lair:1   | Killed an eight-headed hydra
 12320 | Lair:1   | Reached skill level 3 in Dodging
 12692 | Lair:1   | Reached skill level 4 in Fighting
 13151 | Lair:2   | Found a labyrinth entrance.
 13160 | Lab      | Entered a labyrinth
 13439 | Lab      | Noticed a minotaur
 13509 | Lab      | HP: 29/120 [minotaur/javelin of returning (17)]
 13556 | Lab      | HP: 30/120 [minotaur/javelin of returning (13)]
 13603 | Lab      | HP: 18/100 [minotaur (32)]
 13606 | Lab      | Hit by a javelin of returning thrown by a minotaur

Vault maps used:
D:1:      ldierk_walled_garden_2
D:2:      trog_butcher_becter, uniq_terence
D:3:      lemuel_castle_with_subvaults, first_ration
D:4:      serial_shops, nicolae_shop_waterfront,
          hangedman_abyss_or_decor_lesser_grid
D:5:      minmay_temple_entry_mist, minmay_statues_item, minivault_23
D:6:      kennysheep_spiral_hall, minmay_misc_feat_four_crosses
D:7:      uniq_joseph, uniq_pikel, uniq_menkaure
D:8:      overflow_temple_1_default, erik_lair_orcish_takeover, grunt_pizzeria
D:9:      jmf_multi_god_temple2
Temple:   kilobyte_greek_temple
Lair:1:   dpeg_stationary_puzzle
Lair:2:   spider_nest_entry_webs, lab_entry_generic, minmay_lair_oklob_chamber
Lab:      nicolae_lab_lava, labyrinth_skeletal_remains

Skill      XL: |  1  2  3  4  5  6  7  8  9 10 11 |
---------------+----------------------------------+-----
Spellcasting   | 3 4 5 6 7 8 9 11 12 13 | 13.2
Unarmed Combat | 4 6 8 10 11 | 11.4
Dodging        | 3 |  3.3
Fighting       | 4 |  4.3

Action                   |  1- 3 |  4- 6 |  7- 9 | 10-12 || total
-------------------------+-------+-------+-------+-------++-------
Melee: Unarmed           |   122 |   145 |   306 |   184 ||   757
       Headbutt          |     3 |     4 |       |       ||     7
       Kick              |     8 |     4 |       |       ||    12
       Punch             |     2 |       |       |       ||     2
       Short sword       |       |    31 |     3 |       ||    34
 Cast: Beastly Appendage |    14 |    12 |       |       ||    26
       Ice Form          |       |    15 |    46 |    22 ||    83
       Summon Forest     |       |       |       |    10 ||    10
       Sticks to Snakes  |       |       |       |    35 ||    35
Evoke: Wand              |       |       |       |    11 ||    11
  Use: Potion            |       |     6 |       |     2 ||     8
       Scroll            |       |       |     7 |     6 ||    13
  Eat: Chunk             |     1 |     9 |    20 |    14 ||    44
       Ration            |       |     1 |       |     2 ||     3
Armor: Robe              |    40 |    41 |     3 |     1 ||    85
       Skin              |       |    35 |    76 |    34 ||   145
Dodge: Dodged            |    64 |   167 |   138 |    66 ||   435
Block: Other             |       |       |     9 |    11 ||    20
       Reflection        |       |       |     1 |     1 ||     2

Table legend:
 A = Spawn XP
 B = Non-spawn XP
 C = Spawn XP percentage of total XP
 D = Spawn monster count
 E = Non-spawn monster count
 F = Spawn count percentage of total count
 G = Total turns spent on level
                    A         B        C        D         E        F      G
               +---------+---------+-------+---------+---------+-------+---------
         Total |       0 |   14999 |   0.0 |       0 |     291 |   0.0 | 13606
               +---------+---------+-------+---------+---------+-------+---------
           D:1 |       0 |      58 |   0.0 |       0 |      32 |   0.0 |  1108
           D:2 |       0 |     175 |   0.0 |       0 |      38 |   0.0 |  2903
           D:3 |       0 |    1025 |   0.0 |       0 |      74 |   0.0 |  1765
           D:4 |       0 |     611 |   0.0 |       0 |      19 |   0.0 |   739
           D:5 |       0 |     720 |   0.0 |       0 |      16 |   0.0 |   604
           D:6 |       0 |    1102 |   0.0 |       0 |      31 |   0.0 |   916
           D:7 |       0 |    1890 |   0.0 |       0 |      17 |   0.0 |  1271
           D:8 |       0 |    2077 |   0.0 |       0 |      27 |   0.0 |  1306
           D:9 |       0 |    3019 |   0.0 |       0 |      13 |   0.0 |   774
        Lair:1 |       0 |    3933 |   0.0 |       0 |      21 |   0.0 |  1582
        Lair:2 |       0 |     389 |   0.0 |       0 |       3 |   0.0 |    37
               +---------+---------+-------+---------+---------+-------+---------

Vault maps used:
D:1:      ldierk_walled_garden_2
D:2:      trog_butcher_becter, uniq_terence
D:3:      lemuel_castle_with_subvaults, first_ration
D:4:      serial_shops, nicolae_shop_waterfront,
          hangedman_abyss_or_decor_lesser_grid
D:5:      minmay_temple_entry_mist, minmay_statues_item, minivault_23
D:6:      kennysheep_spiral_hall, minmay_misc_feat_four_crosses
D:7:      uniq_joseph, uniq_pikel, uniq_menkaure
D:8:      overflow_temple_1_default, erik_lair_orcish_takeover, grunt_pizzeria
D:9:      jmf_multi_god_temple2
Temple:   kilobyte_greek_temple
Lair:1:   dpeg_stationary_puzzle
Lair:2:   spider_nest_entry_webs, lab_entry_generic, minmay_lair_oklob_chamber
Lab:      nicolae_lab_lava, labyrinth_skeletal_remains

Table legend:
 A = Turns spent in this place as a percentage of turns spent in the entire game.
 B = Non-inter-level travel turns spent in this place as a percentage of non-inter-level travel turns spent in the entire game.
 C = Inter-level travel turns spent in this place as a percentage of turns spent in this place.
 D = Turns resting spent in this place as a percentage of non-inter-level travel turns spent in this place.
 E = Turns spent auto-exploring this place as a percentage of non-inter-level travel turns spent in this place.
 F = Non-inter-level travel turns spent in this place divided by the number of levels of this place that you've seen.
                   A       B       C       D       E      F
               +-------+-------+-------+-------+-------+----------------------
         Total | 100.0 | 100.0 |   2.4 |  38.7 |  37.1 | 1021.2
       Dungeon |  83.7 |  83.5 |   2.7 |  37.3 |  39.2 | 1231.4
        Temple |   1.1 |   1.0 |  11.6 |   0.0 |  94.9 | 137.0
          Lair |  11.9 |  12.1 |   0.6 |  57.9 |  28.3 | 805.0
     Labyrinth |   3.3 |   3.4 |   0.0 |  17.7 |   0.0 | 446.0
               +-------+-------+-------+-------+-------+----------------------

Table legend:
 A = Kills in this place as a percentage of kills in entire the game.
 B = Kills by you in this place as a percentage of kills by you in the entire game.
 C = Kills by friends in this place as a percentage of kills by friends in the entire game.
 D = Other kills in this place as a percentage of other kills in the entire game.
 E = Experience gained in this place as a percentage of experience gained in the entire game.
 F = Experience gained in this place divided by the number of levels of this place that you have seen.
                   A       B       C       D       E      F
               +-------+-------+-------+-------+-------+----------------------
         Total | 100.0 | 100.0 | 100.0 |   N/A | 100.0 | 1153.8
       Dungeon |  91.8 |  93.5 |  60.0 |   N/A |  71.2 | 1186.3
          Lair |   8.2 |   6.5 |  40.0 |   N/A |  28.8 | 2161.0
               +-------+-------+-------+-------+-------+----------------------
